 Dungeon Sprint DCSS version 0.23.0-3-gf3c87f2 (webtiles) character file.

Game seed: 8567881359468762929

3300000 Fang the Spry (level 9, 55/55 HPs)
             Began as a Felid Berserker on Feb 21, 2019.
             Was an Initiate of Makhleb.
             Quit the game in the Dungeon (Sprint VIII: "Arena of Blood").
             The game lasted 00:00:32 (33 turns).

Fang the Spry (Felid Berserker)                       Turns: 33, Time: 00:00:32

Health: 55/55      AC:  2    Str: 13    XL:     9   Next: 71%
Magic:  10/10      EV: 36    Int:  9    God:    Makhleb [......]
Gold:   0          SH:  0    Dex: 19    Spells: 8/8 levels left
                                        Lives:  0   Deaths: 2

rFire    . . .     SeeInvis +     - Unarmed
rCold    . . .     Gourm    .   (shield unavailable)
rNeg     . . .     Faith    .   (armour unavailable)
rPois    .         Spirit   .   (helmet unavailable)
rElec    .         Reflect  .   (cloak unavailable)
rCorr    .         Harm     .   (gloves unavailable)
MR       +....     NoTele   +   (boots unavailable)
Stlth    ++........             (no amulet)
HPRegen  0.18/turn              (no ring)
MPRegen  0.12/turn              (no ring)

@: quick
A: very small, no armour, no weapons or thrown items, stealth, claws 1, fangs 3,
see invisible, carnivore, speed 1, shaggy fur 2, slow metabolism 1, sharp paws
a: Renounce Religion


You were in the Dungeon.
You worshipped Makhleb.
Makhleb was noncommittal.
You were not hungry.

You visited 1 branch

Inventory:

Scrolls
 g - a scroll of blinking
Potions
 b - a potion of curing
 c - a potion of heal wounds
 d - a potion of haste
 e - 2 potions of magic
 f - a potion of berserk rage
Comestibles
 a - a ration


   Skills:
 + Level 16.6 Fighting
 + Level 20.7 Dodging
 + Level 16.6 Unarmed Combat


You had 8 spell levels left.
You didn't know any spells.
Your spell library was empty.

Dungeon Overview and Level Annotations

Branches:
Dungeon (1/1)

Altars:
Makhleb


Innate Abilities, Weirdness & Mutations

You cannot wear armour.
You are incapable of wielding weapons or throwing items.
Your paws allow you to move quietly. (Stealth)
You have sharp claws.
You have razor-sharp teeth.
You have supernaturally acute eyesight. (SInv)
You are carnivorous and can eat meat at any time.
You cover ground quickly.
You are covered in thick fur. (AC +2)
You have a slow metabolism.
Your sharp claws are effective at attacking unaware monsters.


Message History

The bag of meat hits you with a +9 war axe!!!
Ouch! That really hurt!
* * * LOW HITPOINT WARNING * * *
You hear a shout! x3
A bag of meat comes into view. It is wielding a +9 war axe.
The bag of meat hits you with a +9 war axe!!
Ouch! That really hurt!
You die...
You hear a shout! x6; The bag of meat shouts!
You hear a shout! x3
You are now level 9!
You rejoin the land of the living... 2 orcs come into view.
Unknown command.
Unknown command.
Unknown command.
Unknown command.
Unknown command.
Unknown command.
You can't grasp things well enough to throw them.
Are you sure you want to abandon this character and quit the game? (Confirm with "yes".)

#......†o_......
#.......#.Oo..#.. ..#
........#_.o._# .. .
#.......#....=# ..#.#
..#........_.o..Oo......
..........###.........#.
.....###... ...###......
..... #.......#........
#o......#@.......
.................
.............#..o#
.........#....#
.......##...o # ......#
....# ...... .# #..
...... .. ..


You could see 2 bags of meat.

Vanquished Creatures
  An orc (D)
1 creature vanquished.

Notes
Turn   | Place    | Note
-------+----------+-------------------------------------------
     0 | D        | Fang the Felid Berserker began the quest for the Orb.
     0 | D        | Reached XP level 1. HP: 10/10 MP: 2/2
     2 | D        | Noticed a bag of meat
     4 | D        | Fell from the grace of Trog
     4 | D        | Became a worshipper of Makhleb the Destroyer
     7 | D        | Noticed a bag of meat
    10 | D        | Noticed a bag of meat
    10 | D        | Noticed a bag of meat
    14 | D        | Noticed a bag of meat
    17 | D        | Noticed a bag of meat
    18 | D        | Killed a bag of meat
    18 | D        | Reached skill level 20 in Dodging
    18 | D        | Reached XP level 2. HP: 27/27 MP: 3/3
    18 | D        | Reached XP level 3. HP: 31/31 MP: 4/4
    18 | D        | Reached XP level 4. HP: 35/35 MP: 5/5
    18 | D        | Reached XP level 5. HP: 39/39 MP: 6/6
    18 | D        | Gained mutation: You are covered in thick fur. (AC +2)
                  | [Felid growth]
    18 | D        | Reached XP level 6. HP: 43/43 MP: 7/7
    18 | D        | Reached XP level 7. HP: 47/47 MP: 8/8
    18 | D        | Reached XP level 8. HP: 51/51 MP: 9/9
    18 | D        | Reached XP level 9. HP: 55/55 MP: 10/10
    18 | D        | Reached XP level 10. HP: 59/59 MP: 11/11
    18 | D        | Reached XP level 11. HP: 63/63 MP: 12/12
    22 | D        | Noticed a meat berserker
    23 | D        | HP: 2/63 [bag of meat/+9 war axe (8)]
    25 | D        | Noticed a bag of meat
    26 | D        | Annihilated by a bag of meat
    27 | D        | Reached XP level 10. HP: -33/59 MP: 11/11
    27 | D        | Noticed a bag of meat
    28 | D        | Noticed a meat berserker
    28 | D        | Noticed a bag of meat
    30 | D        | Noticed a bag of meat
    32 | D        | HP: 1/59 [bag of meat/+9 war axe (45)]
    32 | D        | Noticed a bag of meat
    32 | D        | Annihilated by a bag of meat
    33 | D        | Reached XP level 9. HP: -34/55 MP: 10/10
    33 | D        | Noticed a bag of meat
    33 | D        | Noticed a bag of meat
    33 | D        | Quit the game

Skill      XL: |  1 |
---------------+----+-----
Fighting       | 16 | 16.6
Dodging        | 20 | 20.7
Unarmed Combat | 16 | 16.6

Action                   |  1- 3 |  4- 6 |  7- 9 | 10-12 || total
-------------------------+-------+-------+-------+-------++-------
Melee: Unarmed           |     1 |       |       |     8 ||     9
       Bite              |       |       |       |     2 ||     2
       Punch             |       |       |       |     1 ||     1
Dodge: Dodged            |       |       |       |     7 ||     7
